AoeStats
← Kaiser Ze

Arena

509817177Analyzed
1v1 RM · 4d ago on Sep 28, 2026· 26m 9s· 2 players
Game mode
Random Map
Map size
Tiny (2 player)
Population
200
Speed
Normal
Resources
Standard
Victory
Conquest
Starting age
Dark Age
Ending age
Imperial Age
RankedLock teamsTeams togetherTeam positionsShared explorationLock speedFull tech treeHidden civsTurbo modeCheats
Victory
Defeat
🇨🇳 Japanese · China
1266
+18
🇺🇸 Berbers · United States
1305
-18
Kaiser Ze
10:15 Feudal Age
14:47 Castle Age
14:03 Double-Bit Axe
14:12 Gold Mining
18:19 Arson
18:44 Squires
18:47 Scale Mail Armor
18:58 Forging
25:47 Iron Casting
25:28 Chain Mail Armor
HouseHunter5266
10:41 Feudal Age
14:30 Castle Age
16:21 Loom
17:05 Double-Bit Axe
20:22 Bow Saw
22:15 Fletching
22:41 Horse Collar
Connection lost

Rejoining the realm…

Still unreachable

The connection could not be restored.

Session expired

The server has moved on; the page needs a fresh start.